AoeStats
← Richard Nixon

MegaRandom

503919140Analyzed
4v4 RM · 1mo ago on Sep 3, 2026· 122m 59s· 8 players
Game mode
Random Map
Map size
Large (8 player)
Population
200
Speed
Normal
Resources
Standard
Victory
Conquest
Starting age
Dark Age
Ending age
Imperial Age
RankedLock teamsTeams togetherTeam positionsShared explorationLock speedFull tech treeHidden civsTurbo modeCheats
Victory
Defeat
🇺🇸 Portuguese · United States
955
+15
🇺🇸 Spanish · United States
902
+17
🇺🇸 Poles · United States
819
+21
🇺🇸 Ethiopians · United States
714
+63
🇺🇸 Persians · United States
941
-20
🇩🇪 Romans · Germany
933
-20
🇧🇷 Armenians · Brazil
932
-20
🇬🇧 Turks · United Kingdom
901
-18
Mattbearman1198
4:47 Loom
16:32 Feudal Age
17:55 Town Watch
18:46 Wheelbarrow
19:39 Double-Bit Axe
23:47 Fletching
24:14 Horse Collar
29:11 Stone Mining
28:57 Man-at-Arms
32:36 Castle Age
31:22 Padded Archer Armor
34:27 Town Patrol
42:17 Hand Cart
43:29 Bow Saw
50:44 Gold Mining
52:25 Heavy Plow
53:06 Caravan
54:03 Fortified Wall
59:43 Imperial Age
58:13 Ballistics
59:21 Bodkin Arrow
62:10 Elite Janissary
63:41 Masonry
64:14 Bombard Tower
65:52 Architecture
65:56 Leather Archer Armor
65:42 Bracer
66:10 Conscription
66:56 Treadmill Crane
68:25 Husbandry
68:38 Bloodlines
68:41 Forging
68:37 Scale Barding Armor
70:27 Iron Casting
70:46 Chain Barding Armor
72:59 Blast Furnace
74:40 Plate Barding Armor
94:43 Cavalier
94:58 Heavy Camel Rider
Nobody
15:54 Feudal Age
25:22 Castle Age
xxyvonnederful
13:54 Feudal Age
16:41 Double-Bit Axe
17:08 Loom
21:29 Castle Age
21:45 Fletching
23:14 Wheelbarrow
27:28 Padded Archer Armor
30:25 Ballistics
31:35 Parthian Tactics
31:33 Thumb Ring
32:15 Husbandry
32:26 Bloodlines
43:11 Kamandaran
44:57 Bow Saw
50:29 Gold Mining
50:30 Stone Mining
63:17 Imperial Age
62:10 Bodkin Arrow
62:31 Leather Archer Armor
63:03 Light Cavalry
65:45 Scale Barding Armor
65:51 Forging
66:57 Crossbowman
[LQE]Sun Tzu
3:46 Loom
16:18 Feudal Age
16:52 Double-Bit Axe
18:28 Horse Collar
18:32 Man-at-Arms
21:40 Long Swordsman
29:03 Castle Age
28:18 Forging
28:08 Scale Mail Armor
27:59 Fletching
28:09 Padded Archer Armor
29:49 Squires
29:34 Gambesons
30:30 Heavy Plow
32:38 Bodkin Arrow
32:58 Leather Archer Armor
33:19 Iron Casting
32:59 Chain Mail Armor
32:06 Two-Handed Swordsman
36:30 Gold Mining
36:52 Bow Saw
37:26 Wheelbarrow
37:33 Ballistics
41:20 Imperial Age
42:27 Elite Composite Bowman
43:41 Conscription
44:54 Bracer
46:00 Ring Archer Armor
47:27 Chemistry
48:01 Caravan
49:55 Blast Furnace
53:08 Guilds
53:10 Fereters
68:37 Pikeman
69:03 Arson
68:42 Champion
69:07 Halberdier
70:39 Plate Mail Armor
Theodore Roosevelt
10:44 Loom
16:37 Feudal Age
17:19 Horse Collar
24:25 Castle Age
25:04 Double-Bit Axe
25:23 Heavy Plow
27:03 Szlachta Privileges
31:04 Bloodlines
30:55 Husbandry
31:46 Scale Barding Armor
33:08 Chain Barding Armor
39:17 Forging
42:26 Wheelbarrow
41:20 Light Cavalry
47:49 Iron Casting
52:34 Imperial Age
50:22 Hand Cart
50:40 Murder Holes
54:12 Lechitic Legacy
55:07 Winged Hussar
57:56 Blast Furnace
59:08 Crop Rotation
63:07 Conscription
79:25 Chemistry
78:34 Siege Engineers
80:40 Bombard Tower
100:14 Scale Mail Armor
101:39 Chain Mail Armor
106:32 Plate Mail Armor
111:24 Squires
110:47 Pikeman
115:06 Elite Obuch
Abraham Lincoln
14:39 Loom
17:00 Feudal Age
22:27 Castle Age
31:08 Double-Bit Axe
36:18 Fletching
42:06 Horse Collar
46:58 Heavy Plow
49:27 Bow Saw
50:49 Ballistics
50:41 Scale Barding Armor
50:47 Forging
50:33 Bodkin Arrow
50:52 Husbandry
51:03 Bloodlines
51:07 Light Cavalry
56:55 Chain Barding Armor
57:11 Iron Casting
60:19 Imperial Age
61:01 Wheelbarrow
60:12 Town Watch
60:45 Onager
62:03 Hand Cart
61:49 Town Patrol
63:32 Two-Man Saw
66:46 Gold Mining
66:46 Stone Mining
67:47 Hussar
69:56 Plate Barding Armor
70:21 Blast Furnace
69:22 Bracer
70:25 Chemistry
70:38 Caravan
76:38 Padded Archer Armor
76:38 Scale Mail Armor
77:04 Bombard Tower
76:58 Masonry
76:45 Murder Holes
79:23 Chain Mail Armor
79:24 Leather Archer Armor
80:20 Man-at-Arms
80:21 Pikeman
80:51 Gambesons
81:07 Squires
80:53 Arson
82:36 Thumb Ring
84:21 Long Swordsman
86:28 Two-Handed Swordsman
89:00 Champion
104:24 Supremacy
105:13 Conscription
110:23 Cavalier
111:45 Pikeman
112:22 Halberdier
115:13 Elite Skirmisher
WoodroWilson
4:19 Loom
15:51 Feudal Age
16:19 Horse Collar
16:28 Double-Bit Axe
22:58 Castle Age
21:59 Fletching
24:31 Bow Saw
24:23 Heavy Plow
25:15 Crossbowman
33:33 Imperial Age
33:59 Bodkin Arrow
34:04 Padded Archer Armor
35:08 Gold Mining
35:32 Bracer
37:13 Chemistry
40:34 Siege Engineers
41:08 Thumb Ring
42:21 Leather Archer Armor
43:25 Conscription
44:29 Guilds
46:18 Ballistics
46:09 Fortified Wall
46:03 Treadmill Crane
47:39 Ring Archer Armor
48:08 Arquebus
50:42 Arbalester
51:29 Caravan
52:02 Elite Organ Gun
55:11 Two-Man Saw
54:19 Circumnavigation
56:07 Bombard Tower
88:39 Coinage
88:42 Murder Holes
96:32 Banking
103:11 Scale Mail Armor
103:23 Forging
107:45 Chain Mail Armor
108:05 Iron Casting
108:30 Pikeman
108:54 Halberdier
112:17 Plate Mail Armor
112:48 Blast Furnace
112:30 Town Watch
113:49 Town Patrol
114:31 Wheelbarrow
Richard Nixon
17:20 Feudal Age
19:24 Wheelbarrow
36:21 Castle Age
85:23 Elite Skirmisher
89:54 Thumb Ring
91:47 Fletching
92:03 Padded Archer Armor
93:01 Bodkin Arrow
93:25 Leather Archer Armor
119:41 Crossbowman
Connection lost

Rejoining the realm…

Still unreachable

The connection could not be restored.

Session expired

The server has moved on; the page needs a fresh start.